 Dungeon Crawl Stone Soup version 0.27.1-33-g824d729ab1 (webtiles) character file.

Game seed: 12094698752390558698

78 pkoi the Ruffian (level 4, 0/35 HPs)
             Began as a Draconian Artificer on Dec 13, 2021.
             Slain by a frilled lizard (2 damage)
             ... on level 2 of the Dungeon.
             The game lasted 00:04:34 (3055 turns).

pkoi the Ruffian (Draconian Artificer)              Turns: 3055, Time: 00:04:35

Health: 0/35       AC:  5    Str: 14    XL:     4   Next: 15%
Magic:  4/4        EV: 12    Int: 13    God:
Gold:   56         SH:  0    Dex: 11    Spells: 3/3 levels left

rFire    . . .     SeeInvis .   a - +0 club
rCold    . . .     Faith    .   (no shield)
rNeg     . . .     Spirit   .   (armour unavailable)
rPois    .         Reflect  .   (helmet restricted)
rElec    .         Harm     .   (no cloak)
rCorr    .         Rampage  .   (no gloves)
Will     .....                  (no boots)
Stlth    +.........             (no amulet)
HPRegen  0.11/turn              (no ring)
MPRegen  0.09/turn              (no ring)

@: lethally poisoned (0 -> -2), hasted, very quick
A: AC +5, unfitting armour, cold-blooded
a: no special abilities


You were on level 2 of the Dungeon.
You visited 1 branch of the dungeon, and saw 2 of its levels.

You collected 56 gold pieces.

Inventory:

Hand Weapons
 a - a +0 club (weapon)
Magical Staves
 h - a staff of conjuration
Wands
 b - a wand of flame (14) (quivered)
 c - a wand of charming (10)
Scrolls
 e - 2 scrolls of teleportation {unknown}
 g - a scroll of magic mapping {unknown}
Potions
 f - 3 potions of flight {unknown}
 i - a potion of curing {unknown}
 j - a potion of heal wounds {unknown}
 k - a potion of haste
Miscellaneous
 d - a piece from Xom's chessboard (15/15)


   Skills:
 - Level 1.1 Fighting
 - Level 2.1 Dodging
 - Level 0.8 Stealth
 + Level 3.8 Unarmed Combat
 - Level 3.0 Evocations


You had 3 spell levels left.
You didn't know any spells.
Your spell library contained the following spells:

 Spells                   Type           Power      Damage    Failure   Level
 Dazzling Flash           Conj/Hex       0%         N/A       67%         3
 Agony                    Necr           0%         N/A       100%        5
 Silence                  Hex/Air        0%         N/A       100%        5


Dungeon Overview and Level Annotations

Branches:
Dungeon (2/15)

Altars:

Shops:
D:1 (((


Innate Abilities, Weirdness & Mutations

Your plain brown scales are hard. (AC +5)
You cannot fit into any form of body armour.
You are cold-blooded and may be slowed by cold attacks.


Message History

The adder barely misses you.
The frilled lizard bites you but does no damage.
Unknown command.
You barely miss the adder.
The adder is almost dead.
The adder completely misses you. The frilled lizard barely misses you.
The adder closely misses you.
You closely miss the adder.
Your tail-slap misses the adder.
The adder is almost dead.
The adder barely misses you.
The frilled lizard bites you but does no damage.
Unknown command.
You hit the adder but do no damage. Your punch misses the adder.
The adder is almost dead.
The adder bites you.
* * * LOW HITPOINT WARNING * * *
The frilled lizard barely misses you. The adder bites you.
* * * LOW HITPOINT WARNING * * *
You are poisoned.
The adder poisons you!
The frilled lizard bites you but does no damage.
You hit the adder but do no damage.
The adder is almost dead.
* * * LOW HITPOINT WARNING * * *
You feel very sick. The adder closely misses you.
The frilled lizard closely misses you. The adder bites you but does no damage.
Unknown command.
You hit the adder.
You kill the adder!
You feel sick.
The frilled lizard bites you but does no damage.
Unknown command.
It was a potion of haste.
You feel yourself speed up.
You feel sick. The frilled lizard bites you.
* * * LOW HITPOINT WARNING * * *
You miss the frilled lizard.
* * * LOW HITPOINT WARNING * * *
You feel sick. The frilled lizard bites you.
You die...

########## .........#
.#######.# .#
#.########## .#
#..........# ##
#..#######.## #..#
##...##
#..#####.....####
####..##....@l......
#####........##.....####
.......)..##.###.<.##
#####†######.# ##### #.#
#.# #####.# #.# ......#
#.# ####..# #.# #..# #.#


You could see a frilled lizard.

Vanquished Creatures
  2 gnolls (D:2)
  An adder (D:2)
  A dart slug (D:1)
  An orc (D:2)
  7 ball pythons
  5 bats
  7 endoplasms
  5 goblins
  3 hobgoblins
  3 kobolds (D:1)
  2 quokkas
  3 frilled lizards (D:1)
  3 rats (D:1)
43 creatures vanquished.

Vanquished Creatures (collateral kills)
  Robin (D:2)
  A goblin (D:2)
2 creatures vanquished.

Vanquished Creatures (others)
  A gnoll (D:2)
  A goblin (D:2)
  A plant (D:1)
3 creatures vanquished.

Grand Total: 48 creatures vanquished

Notes
Turn   | Place    | Note
-------+----------+-------------------------------------------
     0 | D:1      | pkoi the Draconian Artificer began the quest for the Orb.
     0 | D:1      | Reached XP level 1. HP: 16/16 MP: 1/1
    38 | D:1      | Found Juazug's Weapon Boutique.
    64 | D:1      | Reached skill level 1 in Unarmed Combat
    81 | D:1      | Reached XP level 2. HP: 12/23 MP: 2/2
   500 | D:1      | Found a faded altar of an unknown god.
   621 | D:1      | Found Xajafifo's Antique Weapon Boutique.
   948 | D:1      | Reached XP level 3. HP: 23/28 MP: 3/3
  1001 | D:1      | Found Fogoth's Weapon Boutique.
  2517 | D:2      | Noticed Robin
  2653 | D:2      | Killed Robin
  2907 | D:2      | Reached XP level 4. HP: 27/35 MP: 4/4
  3055 | D:2      | Slain by a frilled lizard

Illustrated notes

Levels and vault maps discovered:
D:1:      dpeg_arrival_arbitrary_b, layout_loops_ring,
          hellmonk_ecumenical_altar_prayer_group, serial_bayou,
          serial_bayou_crossing, serial_bayou_lagoon_b, serial_bayou_pond_a,
          serial_bayou_shore_b, serial_bayou_pond_a, serial_shops, shop_statue,
          nicolae_shop_statue_plus, shop, st_stairs_4
D:2:      layout_loops_ring, serial_shops, shop, patterned_corridor, uniq_robin

Skill      XL: |  1  2  3 |
---------------+----------+-----
Unarmed Combat | 1 2 3 |  3.8
Fighting       | |  1.1
Dodging        | |  2.1
Stealth        | |  0.8
Evocations     | |  3.0

Action                   |  1- 3 |  4- 6 || total
-------------------------+-------+-------++-------
Melee: Club              |   156 |    22 ||   178
       Tailslap          |    19 |       ||    19
       Punch             |     1 |       ||     1
Evoke: Wand              |     6 |       ||     6
  Use: Potion            |       |     1 ||     1
 Stab: Sleeping          |     3 |       ||     3
       Distracted        |     1 |       ||     1
Armor: Skin              |    75 |    13 ||    88
Dodge: Dodged            |   145 |    32 ||   177
